 Dungeon Crawl Stone Soup version 0.20.0-6-gd3061e9 (webtiles) character file.

28 mopl the Digger (level 2, 0/20 HPs)
             Began as a Demigod Earth Elementalist on May 28, 2017.
             Succumbed to a killer bee's poison
             ... on level 2 of the Dungeon.
             The game lasted 00:02:53 (1298 turns).

mopl the Digger (Demigod Earth Elementalist)        Turns: 1298, Time: 00:02:54

Health: 0/20       AC:  2    Str: 11    XL:     2   Next: 78%
Magic:  4/7        EV: 12    Int: 19    God:
Gold:   48         SH:  0    Dex: 16    Spells: 2/5 levels left

rFire    . . .     SeeInvis .   g - +1 dagger
rCold    . . .     Gourm    .   (no shield)
rNeg     . . .     Faith    .   c - +0 robe
rPois    .         Spirit   .   (no helmet)
rElec    .         Reflect  .   (no cloak)
rCorr    .         Harm     .   (no gloves)
MR       .....                  (no boots)
Stlth    ++........             f - amulet of inaccuracy (curse)
Regen    0.1/turn               (no ring)
MPRegen  0.1/turn               (no ring)

@: lethally poisoned (0 -> -9), flying, very slightly contaminated
A: high mp 1
a: no special abilities


You were on level 2 of the Dungeon.
You were not hungry.

You visited 1 branch of the dungeon, and saw 2 of its levels.

You collected 48 gold pieces.

Inventory:

Hand Weapons
 g - a +1 dagger (weapon)
Missiles
 b - 108 stones (quivered)
Armour
 c - a +0 robe (worn)
Jewellery
 f - a cursed amulet of inaccuracy (around neck)
Scrolls
 a - a scroll of blinking {unknown}
 i - a scroll of enchant weapon
 k - a scroll of immolation {unknown}
 m - a scroll of teleportation {unknown}
 o - a scroll of identify {unknown}
 s - a scroll of remove curse {unknown}
Potions
 l - a potion of heal wounds {unknown}
 n - a potion of curing {unknown}
 p - a potion of mutation {unknown}
 r - a potion of flight
Books
 e - a book of Geomancy

   Spells                             Type                      Level
   a - Sandblast                      Earth                        1
   b - Passwall                       Transmutation/Earth          2
   c - Stone Arrow                    Conjuration/Earth            3
   d - Petrify                        Transmutation/Earth          4
   e - Lee's Rapid Deconstruction     Earth                        5
Comestibles
 d - a bread ration
 h - a fruit
 j - a chunk of flesh
 q - a meat ration


   Skills:
 - Level 1.7 Dodging
 - Level 1.7 Stealth
 + Level 2.4 Spellcasting
 + Level 1.1 Transmutations
 + Level 3.1 Earth Magic


You had 2 spell levels left.
You knew the following spells:

 Your Spells              Type           Power        Failure   Level  Hunger
a - Sandblast             Erth           ##....       4%          1    #......
p - Passwall              Tmut/Erth      ##........   10%         2    ##.....


Dungeon Overview and Level Annotations

Branches:
Dungeon (2/15)

Annotations:
D:2 1 transporter


Innate Abilities, Weirdness & Mutations

You have an increased reservoir of magic. (+10% MP)


Message History

b - 109 stones The killer bee stings you.
* * * LOW HITPOINT WARNING * * *
You are lethally poisoned!
The killer bee poisons you! The killer bee barely misses you.
Casting: Sandblast
Confirm with . or Enter, or press ? or * to list all spells.
Aiming: Sandblast
Press: ? - help, Shift-Dir - straight line, f/p - killer bee
Aim: a killer bee (moderately wounded)
The blast of sand hits the killer bee.
The killer bee is severely wounded.
b - 108 stones
* * * LOW HITPOINT WARNING * * *
You feel sick. The killer bee barely misses you. x2
Unknown command.
It was a potion of flight.
You feel very buoyant.
You fly up into the air.
You die...

### ################## ..#
#................## ..##
#.................#
..>####.....#########...#
##.........##...©...##..##
...........#8$##@##.8#...#
#.#####....#.?##y##o.#.#.#
..# #....#%?.o5g...#...#
#.### #....#_$.......#©..#
#...# #....#.$.....$.#..##
....####.#.#$%##.##..#.##
._.......#.#8$##.##.8#.#
...##.#..#.##.......##.#
..###.#.##..#########..#


You could see a killer bee, a shadow imp, an orc and a goblin.

Vanquished Creatures
  A gnoll (D:1)
  A dart slug (D:2)
  5 goblins (D:1)
  2 hobgoblins
  A ball python (D:1)
  3 bats
  2 frilled lizards
  2 kobolds
  A rat (D:1)
18 creatures vanquished.

Vanquished Creatures (others)
  A kobold (D:1)
  A rat (D:2)
2 creatures vanquished.

Grand Total: 20 creatures vanquished

Notes
Turn   | Place    | Note
-------+----------+-------------------------------------------
     0 | D:1      | mopl the Demigod Earth Elementalist began the quest for the Orb.
     0 | D:1      | Reached XP level 1. HP: 14/14 MP: 5/5
   231 | D:1      | Reached skill level 2 in Spellcasting
   491 | D:1      | Reached skill level 3 in Earth Magic
   491 | D:1      | Reached XP level 2. HP: 18/20 MP: 4/7
   498 | D:1      | Learned a level 2 spell: Passwall
   890 | D:1      | Reached skill level 1 in Transmutations
  1202 | D:2      | Found a shattered altar of Ashenzari.
  1245 | D:2      | Found a burning altar of Makhleb.
  1251 | D:2      | Noticed a killer bee
  1258 | D:2      | Found a transporter.
  1270 | D:2      | Found a transporter.
  1297 | D:2      | HP: 1/20 [poisoned by a killer bee]
  1298 | D:2      | Succumbed to a killer bee's poison

Skill      XL: |  1  2 |
---------------+-------+-----
Spellcasting   | 2 |  2.4
Earth Magic    | 3 |  3.1
Transmutations | 1 |  1.1
Dodging        | |  1.7
Stealth        | |  1.7

Action                   || total
-------------------------++-------
Melee: Dagger            ||    47
 Cast: Sandblast         ||    18
  Use: Scroll            ||     1
       Potion            ||     1
 Stab: Sleeping          ||     2
  Eat: Chunk             ||     1
Armor: Robe              ||    13
Dodge: Dodged            ||    54
